 Dungeon Crawl Stone Soup version 0.27-a0-705-ga0013940fb (webtiles) character file.

Game seed: 2493269421604486251

463 rageheart7 the Cutter (level 7, -4/38 HPs)
             Began as a Vine Stalker Fighter on Mar 23, 2021.
             Slain by an orc
             ... wielding a +3 hand axe
              (5 damage)
             ... on level 5 of the Dungeon.
             The game lasted 00:03:35 (3718 turns).

rageheart7 the Cutter (Vine Stalker Fighter)        Turns: 3718, Time: 00:03:36

Health: -4/38      AC:  6    Str: 20    XL:     7   Next: 7%
Magic:  0/8        EV:  7    Int:  8    God:
Gold:   178        SH:  9    Dex: 14    Spells: 6/6 levels left

rFire    . . .     SeeInvis +   k - +2 short sword (venom)
rCold    . . .     Faith    .   c - +0 kite shield
rNeg     . . .     Spirit   +   b - +0 scale mail
rPois    .         Reflect  .   (no helmet)
rElec    .         Harm     .   (no cloak)
rCorr    .         Rampage  .   (no gloves)
Will     .....                  (no boots)
Stlth    ..........             (no amulet)
HPRegen  1.12/turn              e - ring of see invisible
MPRegen  0.11/turn              (no ring)

@: lethally poisoned (-4 -> -5), hasted, invisible, very quick
A: fangs 2, regeneration 1, magic shield, antimagic bite, no potion heal 3
a: no special abilities


You were on level 5 of the Dungeon.
You visited 1 branch of the dungeon, and saw 5 of its levels.

You collected 178 gold pieces.

Inventory:

Hand Weapons
 a - a +0 rapier
 k - a +2 short sword of venom (weapon)
Armour
 b - a +0 scale mail (worn)
 c - a +0 kite shield (worn)
Jewellery
 e - a ring of see invisible (right hand)
Wands
 d - a wand of iceblast (6)
Scrolls
 f - a scroll of amnesia
 o - a scroll of teleportation
Potions
 p - a potion of flight {unknown}


   Skills:
 * Level 4.7 Fighting
 * Level 5.4 Short Blades
 - Level 2.4 Armour
 - Level 2.6 Shields


You had 6 spell levels left.
You didn't know any spells.
Your spell library contained the following spells:

 Spells                   Type           Power      Damage    Failure   Level
 Foxfire                  Conj/Fire      0%         2x1d4     99%         1
 Magic Dart               Conj           0%         1d3       99%         1
 Blink                    Tloc           N/A        N/A       100%        2
 Call Imp                 Summ           0%         N/A       100%        2
 Slow                     Hex            0%         N/A       100%        2
 Conjure Flame            Conj/Fire      0%         6-21      100%        3
 Inner Flame              Hex/Fire       0%         N/A       100%        3
 Mephitic Cloud           Conj/Pois/Air  0%         N/A       100%        3
 Sticky Flame             Conj/Fire      0%         2d3       100%        4
 Fireball                 Conj/Fire      0%         3d3       100%        5


Dungeon Overview and Level Annotations

Branches:
Dungeon (5/15)
 Temple: D:4-7

Altars:
Gozag

Shops:
D:4 (


Innate Abilities, Weirdness & Mutations

You have extremely sharp teeth.
Your natural rate of healing is unusually fast.
When hurt, damage is shared between your health and your magic reserves.
Your bite disrupts and absorbs the magic of your enemies.
Potions cannot restore your health.


Message History

You feel yourself speed up.
You feel sick. The orc hits you but does no damage.
The orc hits you with a +2 whip of venom!
You are more poisoned.
You hit the orc.
You kill the orc!
You feel sick. The orc hits you with a +0 whip.
You closely miss the orc priest.
You feel sick. You block the orc's attack.
The orc priest invokes the aid of Beogh against you.
You resist with significant effort. The orc hits you with a +0 whip.
You hit the orc priest.
The orc priest is poisoned.
You bite the orc priest. You drain its power.
You feel invigorated.
The orc priest is moderately wounded.
You feel sick.
The orc priest hits you with a +0 short sword!
The orc hits you with a +2 whip of venom.
You are more poisoned.
The orc closely misses you.
Your system rejects the healing.
You feel better. You block the orc's attack.
The orc priest hits you with a +0 short sword.
* * * LOW HITPOINT WARNING * * *
The orc hits you with a +2 whip of venom.
* * * LOW HITPOINT WARNING * * *
You are poisoned.
Your system rejects the healing.
You feel better. The orc hits you with a +3 hand axe!
* * * LOW HITPOINT WARNING * * *
You block the orc's attack.
You hit the orc priest. Your bite misses the orc priest.
The orc priest is severely wounded.
You block the orc priest's attack.
The orc hits you with a +2 whip of venom.
* * * LOW HITPOINT WARNING * * *
You are lethally poisoned!
* * * LOW HITPOINT WARNING * * *
You feel sick.
It was a potion of invisibility.
You fade into invisibility!
* * * LOW HITPOINT WARNING * * *
You feel sick. The orc hits you with a +3 hand axe.
You die...

..........#.............
..........#..............
..........#...........#..
......†..................
.....................#...
.........................
...........[..#...o..#
..###....#....#.ooo..#
..#...#..#....##@#o..#
.>.......................
..#...##.#....##.......#.
.......................#
......##.#......#......#
.........+...............
.#.....#.#...... ........
.#.#..........#. #....##
...............


You could see an orc priest (very poisoned) and 3 orcs.

Vanquished Creatures
  2 ogres (D:4)
  A hound (D:4)
  A gnoll shaman (D:4)
  An orc wizard (D:3)
  Natasha (D:2)
  A worker ant (D:5)
  A hound skeleton (D:4)
  4 adders
  3 gnolls (D:4)
  An ufetubus (D:5)
  4 worms
  2 dart slugs
  5 orcs
  6 bats
  3 giant cockroaches
  9 goblins
  6 hobgoblins
  6 kobolds
  2 oozes
  A quokka (D:2)
  5 ball pythons
  4 frilled lizards
  7 rats
76 creatures vanquished.

Notes
Turn   | Place    | Note
-------+----------+-------------------------------------------
     0 | D:1      | rageheart7 the Vine Stalker Fighter began the quest for the
                  | Orb.
     0 | D:1      | Reached XP level 1. HP: 11/11 MP: 2/2
   156 | D:1      | Reached XP level 2. HP: 14/16 MP: 1/3
   222 | D:1      | Reached skill level 2 in Short Blades
  1271 | D:2      | Reached XP level 3. HP: 20/20 MP: 4/4
  1707 | D:2      | Gained mutation: Your natural rate of healing is unusually
                  | fast. [Vine Stalker growth]
  1707 | D:2      | Reached XP level 4. HP: 20/25 MP: 5/5
  1749 | D:2      | Noticed Natasha
  1755 | D:2      | Killed Natasha
  1756 | D:2      | Reached skill level 3 in Short Blades
  2195 | D:3      | Reached XP level 5. HP: 20/29 MP: 3/6
  2345 | D:3      | Found a faded altar of an unknown god.
  2841 | D:4      | Found Fuwearun's Weapon Emporium.
  2869 | D:4      | Reached skill level 4 in Short Blades
  2970 | D:4      | Noticed an ogre
  2977 | D:4      | Killed an ogre
  2978 | D:4      | Reached XP level 6. HP: 25/34 MP: 4/7
  3225 | D:4      | Reached skill level 5 in Short Blades
  3225 | D:4      | Reached XP level 7. HP: 17/38 MP: 4/8
  3506 | D:4      | Found an opulent altar of Gozag.
  3650 | D:5      | Entered Level 5 of the Dungeon
  3694 | D:5      | Identified the +0 cloak of Courage {Harm rF- Str+2 Dex+5}
  3716 | D:5      | HP: 1/38 [orc/+2 whip of venom (3)]
  3718 | D:5      | Slain by an orc

Illustrated notes

Levels and vault maps discovered:
D:1:      tarquinn_simple_flora_water_e, layout_basic, st_stairs_3,
          minmay_bisected
D:2:      layout_basic, minmay_cupped, uniq_natasha
D:3:      layout_loops_ring, chequers_ecumenical_altar_lobes
D:4:      layout_loops_ring, grunt_gozag_breadcrumbs, serial_shops,
          nicolae_shop_waterfront
D:5:      layout_basic, minmay_temple_entry_mist

Skill      XL: |  1  2  3  4  5  6 |
---------------+-------------------+-----
Fighting       | 3 4 |  4.7
Short Blades   | 2 3 4 5 |  5.4
Armour         | |  2.4
Shields        | |  2.6

Action                   |  1- 3 |  4- 6 |  7- 9 || total
-------------------------+-------+-------+-------++-------
Melee: Rapier            |    35 |       |       ||    35
       Bite              |    29 |    29 |     5 ||    63
       Short sword       |    44 |    91 |    17 ||   152
  Use: Scroll            |       |     8 |     1 ||     9
       Potion            |       |     1 |     4 ||     5
Armor: Scale mail        |    28 |    25 |    10 ||    63
Dodge: Dodged            |    24 |    29 |     7 ||    60
Block: Kite shield       |    46 |    34 |    13 ||    93

Table legend: (Time is in decaauts)
 A = Elapsed time spent in this place.
 B = Non-inter-level travel time spent in this place.
 C = Inter-level travel time spent in this place.
 D = Time resting spent in this place.
 E = Time spent auto-exploring this place.
 F = Levels seen in this place.
 G = Mean time per level.
                   A        B        C        D        E       F      G
               +--------+--------+--------+--------+--------+-----+--------+
         Total |   3752 |   3669 |     83 |    925 |   2265 |   5 |  750.4 |
       Dungeon |   3752 |   3669 |     83 |    925 |   2265 |   5 |  750.4 |
               +--------+--------+--------+--------+--------+-----+--------+

Top non-repeatable levels by time:
     D:1: 1221 daAuts
     D:2: 884 daAuts
     D:4: 834 daAuts
     D:3: 745 daAuts
     D:5: 66 daAuts
